 Dungeon Crawl Stone Soup version 0.26.0-10-g1f06aea511 (webtiles) character file.

Game seed: 187216196620567986

73 night the Insei (level 4, -3/41 HPs)
             Began as a Gnoll Monk on Jan 23, 2021.
             Slain by Grinder (5 damage)
             ... on level 3 of the Dungeon.
             The game lasted 00:03:53 (1539 turns).

night the Insei (Gnoll Monk)                        Turns: 1539, Time: 00:03:55

Health: -3/41      AC:  5    Str: 13 (15) XL:     4   Next: 27%
Magic:  5/5        EV: 14    Int: 11 (12) God:
Gold:   159        SH:  0    Dex: 17 (19) Spells: 5/5 levels left

rFire    . . .     SeeInvis .     - Unarmed
rCold    . . .     Faith    .   (no shield)
rNeg     . . .     Spirit   .   h - +0 ring mail
rPois    +         Reflect  .   (no helmet)
rElec    .         Harm     .   (no cloak)
rCorr    .         Rampage  .   (no gloves)
Will     .....                  (no boots)
Stlth    ++........             (no amulet)
HPRegen  0.13/turn              (no ring)
MPRegen  0.09/turn              (no ring)

@: brilliant, hasted, very quick
A: distributed training, fangs 1, agile 1, deterioration 1, poison resistance,
strong nose
a: no special abilities


You were on level 3 of the Dungeon.
You visited 1 branch of the dungeon, and saw 3 of its levels.

You collected 159 gold pieces.

Inventory:

Armour
 a - a +0 robe
 h - a +0 ring mail (worn)
Jewellery
 f - a +6 ring of strength {unknown}
 n - an uncursed ring of ice {unknown}
 o - an uncursed ring of wizardry {unknown}
Scrolls
 b - 2 scrolls of magic mapping {unknown}
 d - a scroll of immolation {unknown}
 g - 2 scrolls of identify {unknown}
 i - a scroll of teleportation {unknown}
 p - 2 scrolls of amnesia {unknown}
Potions
 c - a potion of magic
 k - a potion of heal wounds


   Skills:
 + Level 6.6 Fighting
 + Level 1.1 Short Blades
 + Level 1.1 Long Blades
 + Level 1.1 Axes
 + Level 1.1 Maces & Flails
 + Level 1.1 Polearms
 + Level 1.1 Staves
 + Level 1.1 Slings
 + Level 1.1 Bows
 + Level 1.1 Crossbows
 + Level 1.1 Throwing
 + Level 1.1 Armour
 + Level 6.6 Dodging
 + Level 4.2 Stealth
 + Level 1.1 Shields
 + Level 6.6 Unarmed Combat
 + Level 1.1 Spellcasting
 + Level 0.8 Conjurations
 + Level 0.8 Hexes
 + Level 0.8 Summonings
 + Level 0.8 Necromancy
 + Level 0.8 Translocations
 + Level 0.8 Transmutations
 + Level 0.8 Fire Magic
 + Level 0.8 Ice Magic
 + Level 0.8 Air Magic
 + Level 0.8 Earth Magic
 + Level 0.8 Poison Magic
 + Level 1.2 Invocations
 + Level 1.1 Evocations


You had 5 spell levels left.
You didn't know any spells.
Your spell library was empty.

Dungeon Overview and Level Annotations

Branches:
Dungeon (3/15)

Altars:
Ashenzari

Annotations:
D:3 Grinder


Innate Abilities, Weirdness & Mutations

Your experience applies equally to all skills.
You have very sharp teeth.
Your uncanny sense of smell can sniff out nearby items.
You are agile. (Dex +2)
Your body sometimes deteriorates upon taking damage.
Your system is resistant to poisons. (rPois)


Message History

Grinder is moderately wounded.
You hit Grinder. You punch Grinder. You bite Grinder, but do no damage.
Grinder is heavily wounded.
Grinder hits you!
* * * LOW HITPOINT WARNING * * *
Your body deteriorates!
You feel clumsy.
You writhe in agony.
* * * LOW HITPOINT WARNING * * *
You hit Grinder.
Grinder is heavily wounded.
Grinder closely misses you.
You aren't carrying any items that you can evoke.
You closely miss Grinder.
Grinder is heavily wounded.
You hit Grinder. Your punch misses Grinder.
Grinder is heavily wounded.
Grinder hits you.
* * * LOW HITPOINT WARNING * * *
You writhe in agony.
You die...

########## #.........###
#........?.. #.........#
###......5@.#
...........# #.........#
#.........#
#.#.........#...
..............#
∆.#####.##.##...##.#
..(#.##.##...##.####
#.####.#..(......##....#


You could see Grinder (resistant).

Vanquished Creatures
  3 adders
  2 worms (D:2)
  A dart slug (D:1)
  A giant cockroach (D:1)
  8 goblins
  3 hobgoblins
  7 bats
  9 kobolds
  4 rats
38 creatures vanquished.

Notes
Turn   | Place    | Note
-------+----------+-------------------------------------------
     0 | D:1      | night the Gnoll Monk began the quest for the Orb.
     0 | D:1      | Reached XP level 1. HP: 23/23 MP: 1/1
   190 | D:1      | Reached XP level 2. HP: 29/29 MP: 2/2
   322 | D:1      | You fall into a shaft and drop 1 floor!
   449 | D:1      | Reached XP level 3. HP: 35/35 MP: 3/3
   742 | D:2      | Found a broken altar of Ashenzari.
   814 | D:2      | Reached skill level 1 in Invocations
  1200 | D:2      | Reached skill level 1 in Short Blades
  1200 | D:2      | Reached skill level 1 in Long Blades
  1200 | D:2      | Reached skill level 1 in Axes
  1200 | D:2      | Reached skill level 1 in Maces & Flails
  1200 | D:2      | Reached skill level 1 in Polearms
  1200 | D:2      | Reached skill level 1 in Staves
  1200 | D:2      | Reached skill level 1 in Slings
  1200 | D:2      | Reached skill level 1 in Bows
  1200 | D:2      | Reached skill level 1 in Crossbows
  1200 | D:2      | Reached skill level 1 in Throwing
  1200 | D:2      | Reached skill level 1 in Armour
  1200 | D:2      | Reached skill level 1 in Shields
  1200 | D:2      | Reached skill level 1 in Spellcasting
  1200 | D:2      | Reached skill level 1 in Evocations
  1254 | D:2      | Reached XP level 4. HP: 41/41 MP: 5/5
  1515 | D:3      | Noticed Grinder
  1528 | D:3      | Gained mutation: Your body sometimes deteriorates upon
                  | taking damage. [potion of mutation]
  1528 | D:3      | Gained mutation: Your system is resistant to poisons.
                  | (rPois) [potion of mutation]
  1528 | D:3      | Gained mutation: You are agile. (Dex +2) [potion of
                  | mutation]
  1539 | D:3      | HP: 2/41 [Grinder (2)]
  1539 | D:3      | Slain by Grinder

Illustrated notes

Levels and vault maps discovered:
D:1:      ebering_trefoil_twist, layout_loops_ring
D:2:      layout_loops_corners, evilmike_ruin_ashenzari
D:3:      layout_loops_ring, trog_hazing_becter, uniq_grinder

Skill      XL: |  1  2  3 |
---------------+----------+-----
Invocations    | 1 |  1.2
Short Blades   | 1 |  1.1
Long Blades    | 1 |  1.1
Axes           | 1 |  1.1
Maces & Flails | 1 |  1.1
Polearms       | 1 |  1.1
Staves         | 1 |  1.1
Slings         | 1 |  1.1
Bows           | 1 |  1.1
Crossbows      | 1 |  1.1
Throwing       | 1 |  1.1
Armour         | 1 |  1.1
Shields        | 1 |  1.1
Spellcasting   | 1 |  1.1
Evocations     | 1 |  1.1
Fighting       | |  6.6
Dodging        | |  6.6
Stealth        | |  4.2
Unarmed Combat | |  6.6
Conjurations   | |  0.8
Hexes          | |  0.8
Summonings     | |  0.8
Necromancy     | |  0.8
Translocations | |  0.8
Transmutations | |  0.8
Fire Magic     | |  0.8
Ice Magic      | |  0.8
Air Magic      | |  0.8
Earth Magic    | |  0.8
Poison Magic   | |  0.8

Action                   |  1- 3 |  4- 6 || total
-------------------------+-------+-------++-------
Melee: Unarmed           |    82 |    21 ||   103
       Punch             |     4 |     1 ||     5
       Bite              |    10 |     3 ||    13
  Use: Potion            |       |     6 ||     6
 Stab: Sleeping          |     9 |     1 ||    10
       Distracted        |     1 |       ||     1
Armor: Ring mail         |    12 |     2 ||    14
Dodge: Dodged            |    50 |     8 ||    58
